 Dungeon Crawl Stone Soup version 0.27-a0-1139-g28e009f8a6 (webtiles) character file.

Game seed: 15283933822458686071

6385 DarkShadow the Blocker (level 10, -9/90 HPs)
             Began as a Minotaur Fighter on May 8, 2021.
             Was an Initiate of Gozag.
             Mangled by a two-headed ogre
             ... wielding a +0 giant club
              (22 damage)
             ... on level 8 of the Dungeon.
             The game lasted 00:25:21 (10813 turns).

DarkShadow the Blocker (Minotaur Fighter)          Turns: 10813, Time: 00:25:21

Health: -9/90      AC: 15    Str: 25    XL:     10   Next: 66%
Magic:  9/9        EV:  7    Int:  5    God:    Gozag
Gold:   531        SH: 13    Dex:  9    Spells: 9/9 levels left

rFire    . . .     SeeInvis .   a - +0 long sword
rCold    . . .     Faith    .   c - +0 kite shield
rNeg     . . .     Spirit   .   k - +0 plate armour
rPois    .         Reflect  .   (helmet restricted)
rElec    .         Harm     .   e - +0 cloak
rCorr    .         Rampage  .   (no gloves)
Will     +....                  (no boots)
Stlth    ..........             (no amulet)
HPRegen  0.25/turn              r - ring of willpower
MPRegen  0.11/turn              (no ring)

@: mighty, gold aura, studying 2 skills
A: horns 2, retaliatory headbutt
a: Renounce Religion, Potion Petition, Call Merchant, Bribe Branch


You were on level 8 of the Dungeon.
You worshipped Gozag.
Gozag was pleased with you.
You visited 2 branches of the dungeon, and saw 10 of its levels.

You collected 751 gold pieces.
You spent 146 gold pieces at shops.
You paid 74 gold pieces to Gozag.

Inventory:

Hand Weapons
 a - a +0 long sword (weapon)
 B - a +1 long sword of flaming
Missiles
 w - 8 curare-tipped darts (quivered)
Armour
 b - a +0 scale mail
 c - a +0 kite shield (worn)
 e - a +0 cloak (worn)
 h - +0 steam dragon scales
 k - a +0 plate armour (worn)
Jewellery
 r - a ring of willpower (left hand)
 E - an amulet of faith
Wands
 v - a wand of acid (2)
 y - a wand of paralysis (8)
Scrolls
 m - 3 scrolls of blinking
 o - 2 scrolls of teleportation
 p - a scroll of vulnerability {unknown}
 s - a scroll of holy word {unknown}
 u - a scroll of acquirement {unknown}
 z - a scroll of enchant weapon {unknown}
 A - a scroll of noise {unknown}
 D - a scroll of amnesia {unknown}
Potions
 f - a potion of flight
 g - 5 potions of curing
 j - 4 potions of attraction
 l - a potion of degeneration {unknown}
 n - 2 potions of brilliance
 q - a potion of cancellation {unknown}
 t - a potion of lignification {unknown}
 x - 2 potions of berserk rage
 C - a potion of magic


   Skills:
 + Level 8.4 Fighting
 + Level 11.7 Long Blades
 + Level 10.0 Armour
 + Level 13.7 Shields


You had 9 spell levels left.
You didn't know any spells.
Your spell library contained the following spells:

 Spells                   Type           Power      Damage    Failure   Level
 Beastly Appendage        Tmut           0%         N/A       100%        1
 Passwall                 Tmut/Erth      0%         N/A       100%        2
 Wereblood                Tmut           0%         N/A       100%        2
 Spider Form              Tmut/Pois      0%         N/A       100%        3
 Ice Form                 Ice/Tmut       0%         N/A       100%        4
 Petrify                  Tmut/Erth      0%         N/A       100%        4
 Hydra Form               Tmut           0%         N/A       100%        5
 Spellforged Servitor     Conj/Summ      0%         N/A       100%        7


Dungeon Overview and Level Annotations

Branches:
Dungeon (9/15)             Temple (1/1) D:7            Lair (0/6) D:8
    Orc: D:9-12

Altars:
Ashenzari
Elyvilon
Fedhas
Gozag
Kikubaaqudgha
Okawaru
Qazlal
Ru
Sif Muna
Trog
Vehumet
Wu Jian
Zin
The Shining One
Beogh

Shops:
D:5 =   D:6 *   D:8 (


Innate Abilities, Weirdness & Mutations

You have a pair of horns on your head.
You reflexively headbutt those who attack you in melee.


Message History

You start resting.
A two-headed ogre is nearby!
The two-headed ogre hits you with a +0 giant club!!
The two-headed ogre hits you with a +0 giant club!
Things that are here:
a +0 dagger; a +0 robe You hit the two-headed ogre.
You headbutt the two-headed ogre, but do no damage.
The two-headed ogre is lightly wounded.
You barely miss the two-headed ogre. You headbutt the two-headed ogre!
The two-headed ogre is moderately wounded.
The two-headed ogre becomes distracted by your gold, dreaming of imaginary riches.
The two-headed ogre shouts in stereo!
You slash the two-headed ogre!
The two-headed ogre is no longer distracted by gold.
The two-headed ogre is heavily wounded.
You block the two-headed ogre's attack. The two-headed ogre closely misses you.
You hit the two-headed ogre.
The two-headed ogre is heavily wounded.
You barely miss the two-headed ogre.
The two-headed ogre is heavily wounded.
The two-headed ogre hits you but does no damage.
The two-headed ogre hits you with a +0 giant club.
You hit the two-headed ogre.
The two-headed ogre is heavily wounded.
The two-headed ogre hits you with a +0 giant club!!
* * * LOW HITPOINT WARNING * * *
The two-headed ogre hits you with a +0 giant club.
* * * LOW HITPOINT WARNING * * *
You slash the two-headed ogre!
The two-headed ogre is severely wounded.
You hit the two-headed ogre.
The two-headed ogre is almost dead.
You block the two-headed ogre's attack. x2
You feel very mighty all of a sudden. The two-headed ogre barely misses you.
You furiously retaliate!
You headbutt the two-headed ogre!
The two-headed ogre hits you with a +0 giant club!!
You die...
Your body crumbles into a pile of gold.

##### #...## ###### #....####
.....## ##....#.## ......# ###
#....#..## ......# ##.######
##.......#
..##.####...##<>####.....###
........#...#..O@##..#...##
....##.........#..#.......#
...###....[....#..........#####
#.## #....)...###..........##.###
######.....................#....#
# #........O.............###.....
###.#........##.##........###<>#.
....##...........#.......## #...#
###.##..........####.....#####.##


You could see a two-headed ogre.

Vanquished Creatures
  Pikel (D:7)
  A komodo dragon (D:8)
  Grinder (D:6)
  A wyvern (D:7)
  4 yaks (D:8)
  3 steam dragons
  4 water moccasins
  2 black bears (D:5)
  2 sky beasts (D:6)
  5 ogres
  4 orc warriors
  3 necrophages
  2 centaurs
  A lemure (D:7)
  A phantom (D:5)
  A wyvern zombie (D:7)
  4 scorpions
  3 bullfrogs (D:8)
  A water moccasin skeleton (D:7)
  2 jellies (D:6)
  2 wights (D:7)
  2 howler monkeys (D:9)
  2 bullfrog zombies
  7 centaur zombies
  A bullfrog skeleton (D:7)
  6 orc priests
  7 hounds
  Jessica (D:3)
  3 iguanas
  7 orc wizards
  A killer bee zombie (D:5)
  A howler monkey zombie (D:9)
  7 adders
  3 shadow imps
  A worm (D:2)
  A dart slug (D:1)
  44 orcs
  4 ball pythons
  6 endoplasms
  5 giant cockroaches
  9 goblins
  6 hobgoblins
  7 jackals
  5 quokkas
  6 bats
  2 frilled lizards (D:1)
  7 kobolds
  5 rats
204 creatures vanquished.

Vanquished Creatures (others)
  A jelly (D:6)
  24 fungi (D:8)
  39 plants (D:8)
  A withered plant (D:7)
65 creatures vanquished.

Grand Total: 269 creatures vanquished

Notes
Turn   | Place    | Note
-------+----------+-------------------------------------------
     0 | D:1      | DarkShadow the Minotaur Fighter began the quest for the
                  | Orb.
     0 | D:1      | Reached XP level 1. HP: 19/19 MP: 0/0
   272 | D:1      | Reached XP level 2. HP: 27/27 MP: 1/1
   362 | D:1      | Reached skill level 4 in Shields
   525 | D:1      | Found a faded altar of an unknown god.
   940 | D:1      | Reached XP level 3. HP: 33/33 MP: 2/2
  2044 | D:3      | Noticed Jessica
  2048 | D:3      | Killed Jessica
  2049 | D:3      | Reached skill level 5 in Shields
  2049 | D:3      | Reached XP level 4. HP: 34/40 MP: 3/3
  2196 | D:3      | Found a glowing golden altar of the Shining One.
  2614 | D:3      | Reached XP level 5. HP: 45/47 MP: 4/4
  2811 | D:3      | Found a radiant altar of Vehumet.
  2952 | D:4      | Noticed an ogre
  2957 | D:4      | Killed an ogre
  2958 | D:4      | Reached skill level 5 in Armour
  2977 | D:4      | Noticed a necrophage
  2987 | D:4      | Killed a necrophage
  2988 | D:4      | Reached skill level 5 in Long Blades
  2988 | D:4      | Reached skill level 6 in Shields
  2988 | D:4      | Reached XP level 6. HP: 43/55 MP: 5/5
  3495 | D:5      | Entered Level 5 of the Dungeon
  3548 | D:5      | Reached skill level 5 in Fighting
  3878 | D:5      | Found a bloodstained altar of Trog.
  3885 | D:5      | Reached XP level 7. HP: 34/61 MP: 6/6
  3891 | D:5      | Reached skill level 7 in Shields
  4424 | D:5      | Found an iron altar of Okawaru.
  4808 | D:5      | Found Wadwyedd's Jewellery Boutique.
  5236 | D:6      | Noticed a steam dragon
  5245 | D:6      | HP: 3/61 [steam dragon/ball of steam (15)]
  5249 | D:6      | Killed a steam dragon
  5250 | D:6      | Reached skill level 8 in Shields
  5250 | D:6      | Reached XP level 8. HP: 12/69 MP: 7/7
  5587 | D:6      | Found Zin's Purification Station.
  5600 | D:6      | Found a glowing silver altar of Zin.
  5695 | D:6      | Found a broken altar of Ashenzari.
  6062 | D:6      | Found a stormy altar of Qazlal.
  6196 | D:6      | Found an ancient bone altar of Kikubaaqudgha.
  6267 | D:6      | Reached skill level 9 in Shields
  6780 | D:6      | Reached skill level 10 in Shields
  7111 | D:6      | Noticed Grinder
  7133 | D:6      | Killed Grinder
  7134 | D:6      | Reached XP level 9. HP: 47/78 MP: 8/8
  7831 | D:7      | Reached skill level 11 in Shields
  7998 | D:7      | Noticed Pikel
  8049 | D:7      | Killed Pikel
  8050 | D:7      | Reached skill level 10 in Long Blades
  8278 | D:7      | Found a staircase to the Ecumenical Temple.
  8336 | D:7      | Found a shimmering blue altar of Sif Muna.
  8453 | Temple   | Entered the Ecumenical Temple
  8488 | Temple   | Became a worshipper of Gozag Ym Sagoz the Greedy
  8757 | D:8      | Reached skill level 12 in Shields
  8772 | D:8      | Noticed a komodo dragon
  8778 | D:8      | Reached XP level 10. HP: 62/86 MP: 9/9
  9280 | D:8      | Found Ajuujuir's Hydra Hut.
  9300 | D:8      | Noticed a four-headed hydra
  9309 | D:8      | Bought a +1 long sword of flaming for 146 gold pieces
  9443 | D:8      | Found a sacrificial altar of Ru.
  9457 | D:8      | Identified the +4 morningstar of Jekuowy {drain, rPois
                  | Will+ Str+3}
  9471 | D:8      | Reached skill level 13 in Shields
  9820 | D:8      | Found an ornate altar of the Wu Jian Council.
  9843 | D:8      | Found a staircase to the Lair.
 10277 | D:9      | Found a blossoming altar of Fedhas.
 10333 | D:9      | Identified the Almanac of the Harmful Rocks
 10384 | D:9      | Found a white marble altar of Elyvilon.
 10424 | D:9      | Noticed a two-headed ogre
 10780 | D:8      | Reached skill level 10 in Armour
 10813 | D:8      | Mangled by a two-headed ogre

Illustrated notes

Levels and vault maps discovered:
D:1:      wander_arrival_abandoned_jail, layout_basic,
          hellmonk_ecumenical_altar_pennies_from_heaven,
          chequers_decorated_corner, serial_bayou_crossing
D:2:      layout_loops_ring
D:3:      layout_loops_cross, tso_altar, lemuel_crystal_altar,
          kennysheep_nondescript, minmay_misc_feat_encased, grunt_ministairs_13,
          serial_park_tiny_pond, minmay_misc_feat_room, uniq_jessica
D:4:      layout_cave_pools, grunt_ministairs_3
D:5:      layout_loops_corners, trog_ov_bears_minmay, okawaru_metal_pillars_1_2,
          serial_shops, nicolae_shop_window_shopping, kennysheep_minor_cross,
          minmay_misc_feat_doors
D:6:      layout_gridville, zin_purify, old_standard_altar,
          ashenzari_conservatory_becter, grunt_qazlal_clouds, minmay_pentangle,
          uniq_grinder
D:7:      layout_cave_pools, nicolae_sif_muna_condensation,
          minmay_temple_entry_glass, serial_undead, serial_undead_d,
          serial_undead_b, serial_undead_d, serial_undead_b,
          chequers_serial_rivers_small_a, uniq_pikel
D:8:      layout_cave_pools, nzn_wu_jian_contemplation,
          nicolae_ru_sacrificial_ziggurat, due_lair_maze_entry_diamond,
          nicolae_ossuary_entry_plus, doesnt_shop_hydraphobe
D:9:      layout_basic, general_overflow_altar, old_standard_altar, special_room
          [special_room_orc], grunt_ministairs_1
Temple:   nicolae_temple_figure_zero

Skill      XL: |  1  2  3  4  5  6  7  8  9 10 |
---------------+-------------------------------+-----
Shields        | 4 5 6 8 10 12 13 | 13.7
Armour         | 4 5 6 8 9 10 | 10.0
Fighting       | 4 5 6 7 8 |  8.4
Long Blades    | 3 5 6 7 9 10 11 | 11.7

Action                   |  1- 3 |  4- 6 |  7- 9 | 10-12 || total
-------------------------+-------+-------+-------+-------++-------
Melee: Long sword        |    88 |    95 |   323 |   229 ||   735
       Headbutt          |    19 |    25 |    63 |    54 ||   161
  Use: Scroll            |       |     6 |     3 |     5 ||    14
       Potion            |       |     1 |     3 |     4 ||     8
 Stab: Distracted        |       |       |       |     1 ||     1
Armor: Scale mail        |    35 |    37 |    24 |       ||    96
       Plate armour      |       |       |   142 |   102 ||   244
Dodge: Dodged            |    29 |    27 |    68 |    55 ||   179
Block: Kite shield       |    45 |    52 |   201 |   152 ||   450
       Rpst.: Long sword |     6 |    10 |    17 |    13 ||    46

Table legend: (Time is in decaauts)
 A = Elapsed time spent in this place.
 B = Non-inter-level travel time spent in this place.
 C = Inter-level travel time spent in this place.
 D = Time resting spent in this place.
 E = Time spent auto-exploring this place.
 F = Levels seen in this place.
 G = Mean time per level.
                   A        B        C        D        E       F      G
               +--------+--------+--------+--------+--------+-----+--------+
         Total |  10903 |  10654 |    249 |   2804 |   6039 |  10 | 1090.3 |
       Dungeon |  10853 |  10611 |    242 |   2804 |   6009 |   9 | 1205.9 |
        Temple |     49 |     42 |      7 |      0 |     30 |   1 |   49.0 |
               +--------+--------+--------+--------+--------+-----+--------+

Top non-repeatable levels by time:
     D:6: 2153 daAuts
     D:5: 1753 daAuts
     D:8: 1633 daAuts
     D:1: 1330 daAuts
     D:7: 1264 daAuts
     D:3: 972 daAuts
     D:2: 665 daAuts
     D:4: 613 daAuts
     D:9: 468 daAuts
  Temple: 49 daAuts
